 Dungeon Crawl Stone Soup version 0.26-a0-690-gcb57259078 (webtiles) character file.

Game seed: 18058405613537077850

148 grandjackal the Firebug (level 5, -6/42 HPs)
             Began as a Hill Orc Fire Elementalist on Oct 24, 2020.
             Mangled by Natasha (10 damage)
             ... on level 3 of the Dungeon.
             The game lasted 00:04:07 (3110 turns).

grandjackal the Firebug (HOFE)                      Turns: 3110, Time: 00:04:08

Health: -6/42      AC:  5    Str: 11    XL:     5   Next: 30%
Magic:  1/8        EV: 12    Int: 16    God:
Gold:   140        SH:  0    Dex: 11    Spells: 0/8 levels left

rFire    . . .     SeeInvis .   g - +0 dagger
rCold    . . .     Faith    .   (no shield)
rNeg     . . .     Spirit   .   a - +0 robe
rPois    .         Reflect  .   (no helmet)
rElec    .         Harm     .   l - +2 cloak
rCorr    .         Rampage  .   (no gloves)
MR       .....                  (no boots)
Stlth    +++.......             (no amulet)
HPRegen  0.14/turn              d - ring of stealth
MPRegen  0.11/turn              (no ring)

@: very slightly contaminated
A: no striking features
a: no special abilities


You were on level 3 of the Dungeon.
You visited 1 branch of the dungeon, and saw 3 of its levels.

You collected 140 gold pieces.

Inventory:

Hand Weapons
 g - a +0 dagger (weapon)
Armour
 a - a +0 robe (worn)
 l - a +2 cloak (worn)
 m - a +0 leather armour
Jewellery
 d - a ring of stealth (left hand)
Scrolls
 b - a scroll of identify {unknown}
 c - a scroll of enchant armour {unknown}
 f - a scroll of teleportation {unknown}
 h - a scroll of remove curse {unknown}
 i - 2 scrolls of amnesia {unknown}
 k - 3 scrolls of magic mapping {unknown}
Potions
 e - 2 potions of degeneration {unknown}
 j - a potion of might {unknown}
 n - a potion of brilliance {unknown}


   Skills:
 + Level 2.3 Fighting
 + Level 2.1 Armour
 - Level 1.5 Dodging
 - Level 1.5 Stealth
 - Level 2.1 Spellcasting
 + Level 2.3 Conjurations
 + Level 4.1 Fire Magic


You couldn't memorise any spells.
You knew the following spells:

 Your Spells              Type           Power        Failure   Level
a - Foxfire               Conj/Fire      ##..         5%          1
b - Conjure Flame         Conj/Fire      ##......     16%         3
c - Sticky Flame          Conj/Fire      ##......     47%         4

Your spell library contained the following spells:

 Spells                   Type           Power        Failure   Level
 Inner Flame              Hex/Fire       #.......     26%         3
 Fireball                 Conj/Fire      ##........   83%         5


Dungeon Overview and Level Annotations

Branches:
Dungeon (3/15)

Altars:

Annotations:
D:3 Natasha


Message History

Confirm with . or Enter, or press ? or * to list all spells.
You conjure some foxfire!
Natasha claws you! The shadow imp barely misses you.
Unknown command.
You barely miss Natasha.
Natasha is heavily wounded.
The foxfire hits the shadow imp.
The shadow imp is lightly wounded.
The foxfire hits the shadow imp but does no damage.
The shadow imp is lightly wounded.
Natasha claws you!
* * * LOW HITPOINT WARNING * * *
The shadow imp hits you.
* * * LOW HITPOINT WARNING * * *
Unknown command.
You hit Natasha but do no damage.
Natasha is heavily wounded.
Natasha wildly gestures.
You feel disoriented. Natasha claws you!
You die...

###..#.#.....##.....#
.....#)####.###.#.#.#
####.#.# #.# #.#.#.#
#.#.# #.# #.#...#
#.#.####.# #.######
#........# #.# ...
###.########.##.#####
#..........5h.....#
##########.@..#.###
#..ยง.# ##.#.# ?.....
###.### . #


You could see Natasha and a shadow imp (summoned).

Vanquished Creatures
  Jessica (D:2)
  Natasha (D:3)
  4 adders (D:2)
  4 worms (D:2)
  A dart slug (D:2)
  2 leopard geckos (D:2)
  4 bats
  2 giant cockroaches (D:2)
  2 goblins
  8 hobgoblins
  4 jackals (D:2)
  2 frilled lizards
  6 kobolds
  7 rats
48 creatures vanquished.

Vanquished Creatures (others)
  128 foxfires
128 creatures vanquished.

Grand Total: 176 creatures vanquished

Notes
Turn   | Place    | Note
-------+----------+-------------------------------------------
     0 | D:1      | grandjackal the Hill Orc Fire Elementalist began the quest
                  | for the Orb.
     0 | D:1      | Reached XP level 1. HP: 14/14 MP: 3/3
   296 | D:1      | Reached XP level 2. HP: 22/22 MP: 2/4
  1062 | D:2      | Reached skill level 1 in Fighting
  1213 | D:2      | Reached skill level 1 in Armour
  1213 | D:2      | Reached XP level 3. HP: 25/28 MP: 0/5
  1277 | D:2      | Learned a level 3 spell: Conjure Flame
  1653 | D:2      | Found a faded altar of an unknown god.
  1784 | D:2      | Noticed Jessica
  1791 | D:2      | Killed Jessica
  1791 | D:2      | Reached XP level 4. HP: 36/36 MP: 3/7
  2274 | D:2      | Reached skill level 4 in Fire Magic
  2276 | D:2      | Reached XP level 5. HP: 37/41 MP: 2/8
  2324 | D:2      | Learned a level 4 spell: Sticky Flame
  2935 | D:3      | Noticed Natasha
  2944 | D:3      | Killed Natasha
  3099 | D:3      | Noticed Natasha
  3110 | D:3      | Mangled by Natasha

Illustrated notes

Levels and vault maps discovered:
D:1:      wheals_arrival_linesprint, layout_loops_ring
D:2:      layout_basic, chequers_ecumenical_altar_simple_redux, uniq_jessica
D:3:      layout_basic, uniq_natasha

Skill      XL: |  1  2  3  4  5 |
---------------+----------------+-----
Fighting       | 1 2 |  2.3
Armour         | 1 2 |  2.1
Spellcasting   | 2 |  2.1
Conjurations   | 2 |  2.3
Fire Magic     | 4 |  4.1
Dodging        | |  1.5
Stealth        | |  1.5

Action                   |  1- 3 |  4- 6 || total
-------------------------+-------+-------++-------
Melee: Dagger            |    20 |    43 ||    63
 Cast: Foxfire           |    43 |    29 ||    72
 Stab: Sleeping          |     2 |     2 ||     4
Armor: Robe              |     5 |    12 ||    17
Dodge: Dodged            |    20 |    46 ||    66

Table legend: (Time is in decaauts)
 A = Elapsed time spent in this place.
 B = Non-inter-level travel time spent in this place.
 C = Inter-level travel time spent in this place.
 D = Time resting spent in this place.
 E = Time spent auto-exploring this place.
 F = Levels seen in this place.
 G = Mean time per level.
                   A        B        C        D        E       F      G
               +--------+--------+--------+--------+--------+-----+--------+
         Total |   3108 |   2917 |    191 |    994 |   1417 |   3 | 1036.0 |
       Dungeon |   3108 |   2917 |    191 |    994 |   1417 |   3 | 1036.0 |
               +--------+--------+--------+--------+--------+-----+--------+

Top non-repeatable levels by time:
     D:2: 1816 daAuts
     D:1: 1027 daAuts
     D:3: 264 daAuts
